[ PARTIDA AOE2 · #506587545 ]
UnrankedHunos vs Hindustanis
Equipo del jugador · VICT
Equipo rival · DERR
[ ANÁLISIS DE REPETICIÓN · EXTRAÍDO DE LA PARTIDA GRABADA ]
Feudal
8:58
Castillos
22:38
Imperial
40:40
| APM promedio | 46.8 |
| APM pico | 68 |
| eAPM promedio | 24.6 |
| Aldeanos / militares | 171 / 207 |
Foco
⚔️ 35.2% · 🌾 64.8%
Spearman ×53 · Skirmisher ×47 · Cavalry Archer ×35 · Scout Cavalry ×32 · Archer ×14 · Trebuchet (Packed) ×9
Feudal
8:12
Castillos
24:30
Imperial
43:29
| APM promedio | 49.7 |
| APM pico | 97 |
| eAPM promedio | 23.4 |
| Aldeanos / militares | 157 / 141 |
Foco
⚔️ 32.3% · 🌾 67.7%
Camel Scout ×53 · Ghulam ×43 · Archer ×30 · Trebuchet (Packed) ×9 · Monk ×3 · Mangonel ×3
Mapa de la partida
Recursos iniciales + cada clic de construcción. Líneas = muros · curvas = relieve. ◆ oro · ⬟ piedra · ● bayas · ✦ reliquia · ◌ hueco del cierre
Tu base· Abierta — flanco sin cerrar
Base de twf_wing· Abierta — flanco sin cerrar
Terreno inicial suavizado · ◌ = hueco del cierre detectado · pasá el cursor para detalles
Inputs por minuto
— baoquanghuy1605 - - twf_wing
Build order — baoquanghuy1605
Primeras 150 de 650 acciones detectadas
| 0:01 | Crear | Villager (Male) |
| 0:01 | Crear | Villager (Male) |
| 0:01 | Crear | Villager (Male) |
| 0:12 | Crear | Villager (Male) |
| 1:20 | Crear | Villager (Male) |
| 1:48 | Crear | Villager (Male) |
| 2:06 | Crear | Villager (Male) |
| 2:06 | Crear | Villager (Male) |
| 2:22 | Construir | Lumber Camp |
| 2:56 | Crear | Villager (Male) |
| 3:02 | Crear | Villager (Male) |
| 3:23 | Crear | Villager (Male) |
| 4:04 | Crear | Villager (Male) |
| 4:13 | Crear | Villager (Male) |
| 4:24 | Crear | Villager (Male) |
| 4:46 | Crear | Villager (Male) |
| 5:28 | Crear | Villager (Male) |
| 5:32 | Construir | Barracks |
| 6:20 | Investigar | Loom |
| 6:20 | Investigar | Loom |
| 6:37 | Construir | Mining Camp |
| 6:48 | Investigar | Feudal Age |
| 7:10 | Crear | Militia |
| 7:32 | Construir | Palisade Wall |
| 7:34 | Construir | Palisade Wall |
| 7:34 | Construir | Palisade Wall |
| 7:39 | Construir | Palisade Wall |
| 7:42 | Construir | Palisade Wall |
| 7:43 | Construir | Palisade Wall |
| 7:50 | Crear | Militia |
| 8:02 | Construir | Palisade Wall |
| 8:02 | Construir | Palisade Wall |
| 8:11 | Construir | Palisade Wall |
| 8:14 | Construir | Palisade Wall |
| 8:14 | Construir | Palisade Wall |
| 8:58 | Edad | Edad Feudal |
| 9:00 | Crear | Villager (Male) |
| 9:05 | Construir | Palisade Wall |
| 9:06 | Construir | Palisade Wall |
| 9:08 | Investigar | Man-at-Arms (upgrade) |
| 9:27 | Crear | Villager (Male) |
| 9:43 | Construir | Archery Range |
| 9:47 | Construir | Palisade Wall |
| 9:51 | Construir | Palisade Wall |
| 10:07 | Construir | Palisade Wall |
| 10:08 | Construir | Palisade Wall |
| 10:11 | Crear | Villager (Male) |
| 10:19 | Construir | Lumber Camp |
| 10:21 | Construir | Watch Tower |
| 10:25 | Crear | Militia |
| 10:53 | Crear | Villager (Male) |
| 10:56 | Construir | Mill |
| 11:19 | Construir | Palisade Wall |
| 11:19 | Construir | Palisade Wall |
| 11:36 | Construir | Stone Wall |
| 11:42 | Crear | Archer |
| 11:58 | Crear | Villager (Male) |
| 12:03 | Construir | Farm |
| 12:07 | Construir | Farm |
| 12:24 | Crear | Archer |
| 12:39 | Construir | Farm |
| 12:41 | Crear | Villager (Male) |
| 12:49 | Construir | Farm |
| 12:52 | Crear | Archer |
| 13:11 | Crear | Villager (Male) |
| 13:13 | Construir | Farm |
| 13:32 | Crear | Archer |
| 13:38 | Crear | Villager (Male) |
| 14:06 | Construir | Farm |
| 14:06 | Crear | Villager (Male) |
| 14:10 | Construir | Farm |
| 14:29 | Crear | Villager (Male) |
| 14:36 | Investigar | Double-Bit Axe |
| 14:54 | Crear | Villager (Male) |
| 14:59 | Construir | Blacksmith |
| 15:05 | Crear | Archer |
| 15:22 | Crear | Villager (Male) |
| 15:45 | Crear | Villager (Male) |
| 15:49 | Crear | Archer |
| 15:54 | Investigar | Fletching |
| 15:54 | Investigar | Fletching |
| 16:21 | Crear | Villager (Male) |
| 16:30 | Construir | Farm |
| 16:32 | Crear | Archer |
| 16:41 | Crear | Villager (Male) |
| 16:43 | Construir | Farm |
| 16:45 | Construir | Farm |
| 17:07 | Construir | Farm |
| 17:11 | Crear | Archer |
| 17:27 | Crear | Villager (Male) |
| 17:36 | Construir | Farm |
| 17:38 | Construir | Farm |
| 17:39 | Construir | Farm |
| 17:49 | Crear | Archer |
| 17:53 | Crear | Villager (Male) |
| 18:11 | Construir | Farm |
| 18:13 | Crear | Villager (Male) |
| 18:40 | Construir | Lumber Camp |
| 18:42 | Investigar | Wheelbarrow |
| 18:51 | Crear | Archer |
| 19:09 | Construir | Lumber Camp |
| 19:30 | Crear | Skirmisher |
| 19:57 | Investigar | Castle Age |
| 20:07 | Crear | Skirmisher |
| 20:28 | Construir | Archery Range |
| 20:35 | Investigar | Horse Collar |
| 20:46 | Crear | Skirmisher |
| 20:51 | Investigar | Padded Archer Armor |
| 20:53 | Investigar | Gold Mining |
| 21:20 | Crear | Archer |
| 21:43 | Construir | Farm |
| 21:44 | Crear | Archer |
| 21:49 | Construir | Palisade Wall |
| 21:53 | Crear | Archer |
| 21:54 | Crear | Archer |
| 22:05 | Construir | Mining Camp |
| 22:38 | Edad | Edad de los Castillos |
| 22:42 | Investigar | Bodkin Arrow |
| 22:44 | Crear | Cavalry Archer |
| 22:45 | Crear | Cavalry Archer |
| 22:50 | Crear | Villager (Male) |
| 23:01 | Crear | Villager (Male) |
| 23:11 | Investigar | Bow Saw |
| 23:11 | Investigar | Bow Saw |
| 23:13 | Crear | Cavalry Archer |
| 23:14 | Crear | Cavalry Archer |
| 23:27 | Construir | Archery Range |
| 23:48 | Construir | Farm |
| 23:49 | Crear | Villager (Male) |
| 24:05 | Crear | Villager (Male) |
| 24:19 | Construir | Siege Workshop |
| 24:35 | Crear | Villager (Male) |
| 24:37 | Crear | Cavalry Archer |
| 24:58 | Crear | Villager (Male) |
| 25:17 | Construir | Monastery |
| 25:31 | Investigar | Leather Archer Armor |
| 25:33 | Crear | Cavalry Archer |
| 25:36 | Construir | Stable |
| 25:40 | Crear | Villager (Male) |
| 25:55 | Crear | Villager (Male) |
| 26:07 | Crear | Villager (Male) |
| 26:10 | Crear | Monk |
| 26:17 | Construir | University |
| 26:34 | Investigar | Bloodlines |
| 26:38 | Crear | Villager (Male) |
| 26:51 | Investigar | Town Watch |
| 26:55 | Crear | Villager (Male) |
| 26:57 | Construir | Mining Camp |
| 27:22 | Crear | Monk |
| 27:30 | Investigar | Ballistics |
Build order — twf_wing
Primeras 150 de 481 acciones detectadas
| 0:01 | Crear | Villager (Male) |
| 0:01 | Crear | Villager (Male) |
| 0:02 | Construir | House |
| 0:08 | Construir | House |
| 0:11 | Crear | Villager (Male) |
| 0:11 | Crear | Villager (Male) |
| 0:11 | Crear | Villager (Male) |
| 1:14 | Crear | Villager (Male) |
| 1:29 | Crear | Villager (Male) |
| 2:05 | Crear | Villager (Male) |
| 2:05 | Crear | Villager (Male) |
| 2:57 | Crear | Villager (Male) |
| 3:04 | Construir | Lumber Camp |
| 3:15 | Crear | Villager (Male) |
| 3:15 | Crear | Villager (Male) |
| 3:16 | Crear | Villager (Male) |
| 3:40 | Construir | House |
| 3:47 | Crear | Villager (Male) |
| 3:53 | Crear | Villager (Male) |
| 3:53 | Crear | Villager (Male) |
| 4:09 | Crear | Villager (Male) |
| 4:30 | Crear | Villager (Male) |
| 5:07 | Construir | Mill |
| 5:30 | Investigar | Loom |
| 6:02 | Investigar | Feudal Age |
| 6:48 | Construir | Mining Camp |
| 7:14 | Construir | Palisade Wall |
| 7:24 | Construir | House |
| 7:44 | Crear | Villager (Male) |
| 8:11 | Crear | Villager (Male) |
| 8:12 | Edad | Edad Feudal |
| 8:14 | Investigar | Double-Bit Axe |
| 8:21 | Construir | Watch Tower |
| 8:26 | Crear | Villager (Male) |
| 8:39 | Crear | Villager (Male) |
| 9:11 | Construir | Watch Tower |
| 9:26 | Crear | Villager (Male) |
| 9:47 | Construir | Watch Tower |
| 9:54 | Crear | Villager (Male) |
| 9:59 | Construir | House |
| 10:06 | Construir | Palisade Wall |
| 10:13 | Crear | Villager (Male) |
| 10:23 | Construir | House |
| 10:25 | Construir | House |
| 11:02 | Crear | Villager (Male) |
| 11:10 | Construir | Outpost |
| 11:27 | Crear | Villager (Male) |
| 11:36 | Construir | Watch Tower |
| 12:13 | Construir | Barracks |
| 12:21 | Construir | Mining Camp |
| 12:22 | Crear | Villager (Male) |
| 12:22 | Crear | Villager (Male) |
| 12:49 | Crear | Villager (Male) |
| 13:15 | Crear | Villager (Male) |
| 13:16 | Crear | Villager (Male) |
| 13:26 | Construir | Archery Range |
| 13:57 | Construir | Watch Tower |
| 14:02 | Construir | Watch Tower |
| 14:04 | Crear | Archer |
| 14:12 | Crear | Archer |
| 14:36 | Construir | Blacksmith |
| 14:38 | Crear | Archer |
| 14:46 | Construir | Farm |
| 14:51 | Crear | Archer |
| 14:51 | Crear | Archer |
| 15:00 | Construir | Farm |
| 15:10 | Crear | Villager (Male) |
| 15:11 | Crear | Villager (Male) |
| 15:21 | Crear | Villager (Male) |
| 15:39 | Construir | Farm |
| 15:50 | Crear | Archer |
| 15:51 | Crear | Villager (Male) |
| 15:58 | Construir | Farm |
| 16:12 | Construir | Farm |
| 16:14 | Crear | Villager (Male) |
| 16:15 | Crear | Archer |
| 16:27 | Crear | Villager (Male) |
| 16:27 | Crear | Villager (Male) |
| 16:43 | Investigar | Fletching |
| 16:46 | Construir | Farm |
| 16:56 | Construir | House |
| 17:05 | Construir | Farm |
| 17:06 | Crear | Villager (Male) |
| 17:28 | Crear | Archer |
| 17:33 | Crear | Archer |
| 17:54 | Crear | Villager (Male) |
| 17:56 | Investigar | Padded Archer Armor |
| 17:57 | Investigar | Padded Archer Armor |
| 18:00 | Construir | Farm |
| 18:01 | Crear | Villager (Male) |
| 18:03 | Crear | Villager (Male) |
| 18:19 | Crear | Villager (Male) |
| 18:20 | Construir | Farm |
| 18:27 | Construir | House |
| 18:28 | Construir | House |
| 18:28 | Construir | House |
| 18:44 | Construir | Market |
| 18:57 | Crear | Villager (Male) |
| 18:58 | Construir | Farm |
| 18:59 | Construir | Farm |
| 19:12 | Investigar | Gold Mining |
| 19:13 | Crear | Villager (Male) |
| 19:36 | Crear | Archer |
| 19:38 | Crear | Villager (Male) |
| 19:41 | Construir | Farm |
| 19:45 | Crear | Villager (Male) |
| 19:58 | Construir | Farm |
| 20:05 | Crear | Villager (Male) |
| 20:10 | Construir | Farm |
| 20:15 | Construir | Farm |
| 20:16 | Construir | Farm |
| 20:31 | Crear | Villager (Male) |
| 20:38 | Construir | Lumber Camp |
| 20:44 | Crear | Villager (Male) |
| 20:50 | Crear | Villager (Male) |
| 20:59 | Construir | Farm |
| 21:17 | Crear | Villager (Male) |
| 21:50 | Investigar | Castle Age |
| 21:50 | Investigar | Castle Age |
| 21:50 | Investigar | Castle Age |
| 21:54 | Construir | Mining Camp |
| 22:10 | Investigar | Horse Collar |
| 22:10 | Investigar | Horse Collar |
| 22:10 | Investigar | Horse Collar |
| 22:24 | Investigar | Stone Mining |
| 22:24 | Investigar | Stone Mining |
| 22:53 | Construir | Stable |
| 23:19 | Investigar | Scale Barding Armor |
| 23:35 | Construir | Farm |
| 23:37 | Investigar | Bloodlines |
| 24:20 | Crear | Villager (Male) |
| 24:30 | Edad | Edad de los Castillos |
| 24:31 | Crear | Camel Scout |
| 24:32 | Crear | Camel Scout |
| 24:39 | Construir | Town Center |
| 24:44 | Crear | Camel Scout |
| 24:48 | Crear | Camel Scout |
| 24:49 | Crear | Camel Scout |
| 25:23 | Crear | Villager (Male) |
| 25:23 | Crear | Villager (Male) |
| 25:24 | Crear | Villager (Male) |
| 25:52 | Crear | Camel Scout |
| 25:52 | Crear | Camel Scout |
| 25:59 | Construir | Town Center |
| 26:18 | Construir | Farm |
| 26:23 | Crear | Villager (Male) |
| 26:24 | Crear | Villager (Male) |
| 26:24 | Crear | Villager (Male) |
| 26:34 | Construir | Farm |
| 26:35 | Construir | Farm |
Cronología de la partida
| 5:32 | baoquanghuy1605 · first_building Barracks |
| 7:14 | twf_wing · wall_segment Palisade Wall x1 |
| 7:32 | baoquanghuy1605 · wall_segment Palisade Wall x7 |
| 7:34 | baoquanghuy1605 · wall_segment Palisade Wall x4 |
| 7:34 | baoquanghuy1605 · wall_segment Palisade Wall x1 |
| 7:39 | baoquanghuy1605 · wall_segment Palisade Wall x6 |
| 7:42 | baoquanghuy1605 · wall_segment Palisade Wall x7 |
| 7:43 | baoquanghuy1605 · wall_segment Palisade Wall x1 |
| 8:02 | baoquanghuy1605 · wall_segment Palisade Wall x11 |
| 8:02 | baoquanghuy1605 · wall_segment Palisade Wall x1 |
| 8:11 | baoquanghuy1605 · wall_segment Palisade Wall x5 |
| 8:12 | twf_wing · age_up feudal |
| 8:14 | baoquanghuy1605 · wall_segment Palisade Wall x2 |
| 8:14 | baoquanghuy1605 · wall_segment Palisade Wall x1 |
| 8:58 | baoquanghuy1605 · age_up feudal |
| 9:05 | baoquanghuy1605 · wall_segment Palisade Wall x1 |
| 9:06 | baoquanghuy1605 · wall_segment Palisade Wall x1 |
| 9:43 | baoquanghuy1605 · first_building Archery Range |
| 9:47 | baoquanghuy1605 · wall_segment Palisade Wall x1 |
| 9:51 | baoquanghuy1605 · wall_segment Palisade Wall x1 |
| 10:06 | twf_wing · wall_segment Palisade Wall x1 |
| 10:07 | baoquanghuy1605 · wall_segment Palisade Wall x6 |
| 10:08 | baoquanghuy1605 · wall_segment Palisade Wall x1 |
| 11:19 | baoquanghuy1605 · wall_segment Palisade Wall x3 |
| 11:19 | baoquanghuy1605 · wall_segment Palisade Wall x1 |
| 11:36 | baoquanghuy1605 · wall_segment Stone Wall x3 |
| 12:13 | twf_wing · first_building Barracks |
| 13:26 | twf_wing · first_building Archery Range |
| 20:41 | twf_wing · first_market_sell 100 stone |
| 21:41 | twf_wing · first_market_buy 100 food |
| 21:49 | baoquanghuy1605 · wall_segment Palisade Wall x1 |
| 22:38 | baoquanghuy1605 · age_up castle |
| 22:53 | twf_wing · first_building Stable |
| 24:19 | baoquanghuy1605 · first_building Siege Workshop |
| 24:30 | twf_wing · age_up castle |
| 25:17 | baoquanghuy1605 · first_building Monastery |
| 25:36 | baoquanghuy1605 · first_building Stable |
| 28:11 | twf_wing · first_building Siege Workshop |
| 37:03 | twf_wing · first_building Castle |
| 37:32 | twf_wing · first_building Monastery |
| 39:21 | baoquanghuy1605 · first_building Castle |
| 39:32 | baoquanghuy1605 · wall_segment Palisade Wall x1 |
| 39:36 | baoquanghuy1605 · wall_segment Palisade Wall x1 |
| 39:38 | baoquanghuy1605 · wall_segment Palisade Wall x1 |
| 40:40 | baoquanghuy1605 · age_up imperial |
| 43:29 | twf_wing · age_up imperial |
| 55:34 | twf_wing · resign |
[ ANÁLISIS IA · 1 CRÉDITO ]
¿Qué pasó realmente en esta partida?
Wolo.gg analiza cada decisión: build order, eco, micro, errores típicos por bracket. Análisis personalizado por WhatsApp o Discord en 30 segundos.
Guía civ
Hunos
Perfil
Jugador #24357949